 Dungeon Crawl Stone Soup version 0.21-a0-1-gaf3b9a5 (webtiles) character file.

48 zhorgal the Charmwright (level 3, -1/28 HPs)
             Began as a Barachi Skald on May 20, 2017.
             Slain by Robin
             ... wielding a +0 spear
              (5 damage)
             ... on level 2 of the Dungeon.
             The game lasted 00:05:22 (1146 turns).

zhorgal the Charmwright (Barachi Skald)             Turns: 1146, Time: 00:05:22

Health: -1/28      AC:  3    Str: 12    XL:     3   Next: 72%
Magic:  1/6        EV: 12    Int: 14    God:
Gold:   80         SH:  0    Dex: 11    Spells: 1/6 levels left

rFire    . . .     SeeInvis .   a - +0 falchion
rCold    . . .     Gourm    .   (no shield)
rNeg     . . .     Faith    .   b - +0 leather armour
rPois    .         Spirit   .   (no helmet)
rElec    .         Reflect  .   (no cloak)
rCorr    .         Harm     .   (no gloves)
MR       .....                  (no boots)
Stlth    +.........             (no amulet)
Regen    0.1/turn               (no ring)
MPRegen  0.1/turn               (no ring)

@: singing (expiring), slow
A: +LOS, swims, slowness 1, strong legs 1
a: Hop


You were on level 2 of the Dungeon.
You were not hungry.

You visited 1 branch of the dungeon, and saw 2 of its levels.

You collected 80 gold pieces.

Inventory:

Hand Weapons
 a - a +0 falchion (weapon)
Missiles
 h - 4 stones (quivered)
Armour
 b - a +0 leather armour (worn)
Scrolls
 e - a scroll of remove curse {unknown}
 i - a scroll of immolation {unknown}
 j - a scroll of fog {unknown}
Books
 c - a book of Battle

   Spells                             Type                      Level
   a - Infusion                       Charms                       1
   b - Shroud of Golubria             Charms/Translocation         2
   c - Song of Slaying                Charms                       2
   d - Spectral Weapon                Hexes/Charms                 3
   e - Regeneration                   Charms/Necromancy            3
Comestibles
 d - a bread ration
 f - 4 fruits
 g - 3 chunks of flesh
 k - a royal jelly
 l - a meat ration


   Skills:
 - Level 2.6 Fighting
 + Level 3.4 Long Blades
 - Level 1.2 Armour
 - Level 2.3 Dodging
 + Level 2.4 Spellcasting
 * Level 4.0 Charms


You had one spell level left.
You knew the following spells:

 Your Spells              Type           Power        Failure   Level  Hunger
a - Infusion              Chrm           ##..         5%          1    #......
b - Song of Slaying       Chrm           ##......     9%          2    ###....
c - Shroud of Golubria    Chrm/Tloc      #.........   19%         2    ###....


Dungeon Overview and Level Annotations

Branches:
Dungeon (2/15)

Altars:

Annotations:
D:2 Robin


Innate Abilities, Weirdness & Mutations

Shadows flee at your approach. (+LOS)
You can swim through water.
You cover ground slowly.
You can hop short distances.


Message History

Robin hits you from afar with a spear. The goblin hits you but does no damage.
You closely miss the goblin.
The goblin is severely wounded.
Robin roars a battlecry!
The goblin closely misses you.
You hit the goblin.
You kill the goblin!
Your song is almost over.
The hobgoblin no longer looks unusually strong.
Robin roars a battlecry!
The hobgoblin goes into a battle-frenzy!
You barely miss the hobgoblin.
Robin roars a battlecry!
The hobgoblin hits you. Robin hits you from afar with a spear.
You completely miss the hobgoblin. The hobgoblin hits you.
* * * LOW HITPOINT WARNING * * *
You hit the hobgoblin.
You kill the hobgoblin!
Robin hits you from afar with a spear.
You die...

###
#@#
#g#
.g.
'#.##
....#
..
..#
...
..#
...
....
....
..##


You could see Robin and a goblin.

Vanquished Creatures
  A dart slug (D:1)
  2 leopard geckos (D:1)
  3 giant cockroaches (D:1)
  11 goblins
  4 hobgoblins
  4 jackals (D:1)
  A ball python (D:1)
  A bat (D:1)
  4 frilled lizards (D:1)
  4 kobolds (D:1)
  6 rats
41 creatures vanquished.

Notes
Turn   | Place    | Note
-------+----------+-------------------------------------------
     0 | D:1      | zhorgal the Barachi Skald began the quest for the Orb.
     0 | D:1      | Reached XP level 1. HP: 17/17 MP: 3/3
    50 | D:1      | Reached XP level 2. HP: 12/23 MP: 1/5
   499 | D:1      | Learned a level 2 spell: Song of Slaying
   502 | D:1      | Learned a level 2 spell: Shroud of Golubria
   681 | D:1      | Reached XP level 3. HP: 28/28 MP: 0/6
  1127 | D:2      | Noticed Robin
  1138 | D:2      | Reached skill level 4 in Charms
  1146 | D:2      | Slain by Robin

Vault maps used:
D:1:      saegor_arrival_simple_d
D:2:      first_bread, uniq_robin

Skill      XL: |  1  2  3 |
---------------+----------+-----
Long Blades    | 3 |  3.4
Charms         | 4 |  4.0
Fighting       | |  2.6
Armour         | |  1.2
Dodging        | |  2.3
Spellcasting   | |  2.4

Action                   || total
-------------------------++-------
Melee: Falchion          ||    82
Throw: Stone             ||     1
 Cast: Infusion          ||     6
       Song of Slaying   ||     2
  Eat: Chunk             ||     1
Armor: Leather armour    ||    18
Dodge: Dodged            ||    41
       Rpst.: Falchion   ||    19
